 Dungeon Crawl Stone Soup version 0.19-a0-700-gd2fa977 (webtiles) character file.

894 Blunderbuss the Ducker (level 8, -1/59 HPs)
             Began as a Merfolk Transmuter on June 18, 2016.
             Slain by an ice beast (4 damage)
             ... on level 5 of the Dungeon on June 19, 2016.
             The game lasted 00:19:53 (5474 turns).

Blunderbuss the Ducker (Merfolk Transmuter)         Turns: 5474, Time: 00:19:54

Health: -1/59      AC:  2    Str: 13    XL:     8   Next: 6%
Magic:  19/22      EV: 16    Int: 12    God:
Gold:   187        SH:  0    Dex: 14    Spells: 3 memorised, 8 levels left

rFire  . . .     SeeInvis .       - Unarmed
rCold  . . .     Gourm    .     b - +0 robe
rNeg   . . .     Faith    .     (no shield)
rPois  .         Spirit   .     (no helmet)
rElec  .         Dismiss  .     (no cloak)
rCorr  .         Reflect  .     (no gloves)
SustAt .         Harm     .     (no boots)
MR     .....                    (no amulet)
Stlth  ++........               (no ring)
                                g - ring of magical power

@: appendage, not resistant to hostile enchantments, unstealthy
A: change form in water, swift swim, horns 2
a: End Transformation


You were on level 5 of the Dungeon.
You were not hungry.
You had grown temporary horns.
You visited 1 branch of the dungeon, and saw 5 of its levels.
You also visited: Ossuary.

You collected 187 gold pieces.

Inventory:

Missiles
 a - 57 arrows
Armour
 b - a +0 robe (worn)
Jewellery
 g - a ring of magical power (left hand)
Wands
 h - a wand of paralysis (4/24)
Scrolls
 j - 3 scrolls of amnesia
 l - a scroll of immolation {unknown}
 m - a scroll of teleportation
 n - 3 scrolls of remove curse
 r - a scroll of enchant armour {unknown}
 v - a scroll of fear
 w - a scroll of identify
 x - a scroll of acquirement {unknown}
Potions
 e - 2 potions of invisibility
 f - a potion of mutation
 i - 2 potions of flight
 k - 3 potions of haste
 o - a potion of resistance
 q - a potion of degeneration {unknown}
 s - a potion of cancellation {unknown}
 t - a potion of agility {unknown}
 u - 4 potions of curing
Books
 c - a book of Changes

   Spells                             Type                      Level
   a - Beastly Appendage              Transmutation                1
   b - Sticks to Snakes               Transmutation                2
   c - Spider Form                    Transmutation/Poison         3
   d - Ice Form                       Ice/Transmutation            4
   e - Blade Hands                    Transmutation                5
Comestibles
 d - a bread ration
 p - 2 meat rations


   Skills:
 + Level 3.6 Fighting
 * Level 6.3 Dodging
 + Level 2.6 Stealth
 + Level 5.4 Unarmed Combat
 + Level 3.8 Spellcasting
 + Level 5.1 Transmutations
 + Level 0.4 Poison Magic


You had 8 spell levels left.
You knew the following spells:

 Your Spells              Type           Power        Failure   Level  Hunger
a - Beastly Appendage     Tmut           ##....       2%          1    #......
b - Spider Form           Tmut/Pois      #.........   24%         3    ###....
c - Sticks to Snakes      Tmut           ##......     4%          2    ##.....


Dungeon Overview and Level Annotations

Branches:
Dungeon (5/15)
 Temple: D:4-7

Altars:
Trog


Innate Abilities, Weirdness & Mutations

You revert to your normal form in water.
You are very nimble and swift while swimming.
You have a pair of horns on your head.


Message History

* * * LOW HITPOINT WARNING * * *
Your adder barely misses the ice beast.
You hit the ice beast but do no damage.
You headbutt the ice beast, but do no damage.
Your adder bites the ice beast.
Your adder barely misses the ice beast.
The ice beast misses you.
You hit the ice beast but do no damage. You headbutt the ice beast.
The ice beast is moderately wounded.
Your adder bites the ice beast.
Your adder barely misses the ice beast.
The ice beast hits you.
* * * LOW HITPOINT WARNING * * *
The ice beast freezes you!
* * * LOW HITPOINT WARNING * * *
Your adder bites the ice beast but does no damage.
You barely miss the ice beast.
The ice beast is heavily wounded.
Your adder barely misses the ice beast.
Your adder closely misses the ice beast.
The ice beast hits you.
You die...

.....#..#.##...##.
.........)....###.
......##.....#....
#......)......... ###
##....##..........
.Z..###...##..........##
#.#.......##........###
....$....S...........#
.......@YS.####.......#
.......................
.................##....
##.......##....... ..#
##....... .....##.
....>..........#
###.######........ #.
#.....##


You could see an ice beast, a giant frog skeleton (dormant) and 2 friendly
adders.

Vanquished Creatures
  Sigmund (D:2)
  Eustachio (D:4)
  A scorpion (D:3)
  A crimson imp (D:5)
  3 centaur zombies (Ossuary)
  A hound (D:4)
  A centaur skeleton (D:3)
  Jessica (D:2)
  A giant frog skeleton (D:4)
  Ijyb (D:2)
  An ogre zombie (Ossuary)
  7 mummies (Ossuary)
  4 adders
  2 oozes (D:1)
  An adder skeleton (D:4)
  6 adder zombies (Ossuary)
  3 worms
  2 dart slugs (D:2)
  3 giant geckos
  An orc (D:5)
  7 giant cockroaches
  6 goblins
  5 hobgoblins
  6 jackals
  8 kobolds
  13 bats
  4 giant newts
  6 goblin zombies (Ossuary)
  4 hobgoblin zombies (Ossuary)
  A jackal skeleton (D:4)
  5 kobold zombies (Ossuary)
  A quokka zombie (Ossuary)
  14 rats
  A rat zombie (Ossuary)
123 creatures vanquished.

Vanquished Creatures (collateral kills)
  An ogre (D:5)
  A giant frog zombie (D:5)
  An ogre zombie (Ossuary)
  An adder skeleton (D:5)
  A giant gecko (D:5)
  A hobgoblin zombie (Ossuary)
  A quokka zombie (Ossuary)
7 creatures vanquished.

Grand Total: 130 creatures vanquished

Notes
Turn   | Place    | Note
--------------------------------------------------------------
     0 | D:1      | Blunderbuss the Merfolk Transmuter began the quest for the Orb.
     0 | D:1      | Reached XP level 1. HP: 15/15 MP: 3/3
    79 | D:1      | Reached XP level 2. HP: 2/21 MP: 3/5
   637 | D:1      | Reached XP level 3. HP: 11/26 MP: 4/6
  1044 | D:1      | Reached skill level 3 in Dodging
  1239 | D:1      | Learned a level 3 spell: Spider Form
  1310 | D:2      | Noticed Ijyb
  1366 | D:2      | Killed Ijyb
  1366 | D:2      | Reached XP level 4. HP: 14/33 MP: 7/7
  1633 | D:2      | Noticed Sigmund
  1942 | D:2      | Noticed Jessica
  1958 | D:2      | Killed Jessica
  1958 | D:2      | Reached skill level 4 in Dodging
  1958 | D:2      | Reached XP level 5. HP: 37/38 MP: 9/9
  2340 | D:2      | Killed Sigmund
  2340 | D:2      | Reached skill level 1 in Stealth
  2340 | D:2      | Reached XP level 6. HP: 13/46 MP: 10/10
  2961 | D:3      | Reached skill level 5 in Dodging
  3186 | D:3      | Found a bloodstained altar of Trog.
  3889 | D:4      | Upgraded the game from 0.19-a0-684-gf760df0 to 0.19-a0-700-gd2fa977
  4169 | D:4      | Found a sand-covered staircase.
  4174 | Ossuary  | Entered an ossuary
  4180 | Ossuary  | Learned a level 2 spell: Sticks to Snakes
  4394 | Ossuary  | Reached XP level 7. HP: 43/52 MP: 11/11
  4419 | Ossuary  | Reached skill level 5 in Unarmed Combat
  5149 | D:4      | Noticed Eustachio
  5166 | D:4      | Killed Eustachio
  5166 | D:4      | Reached skill level 6 in Dodging
  5403 | D:5      | Entered Level 5 of the Dungeon
  5455 | D:5      | Reached skill level 5 in Transmutations
  5455 | D:5      | Reached XP level 8. HP: 32/59 MP: 13/13
  5474 | D:5      | Slain by an ice beast

Vault maps used:
D:1:      onia_arrival_larder
D:2:      item_on_display_a, uniq_jessica, uniq_sigmund, uniq_iyjb
D:3:      overflow_temple_1_default
D:4:      enter_ossuary_5, uniq_eustachio
D:5:      gammafunk_temple_overflow_elements, first_bread, grunt_ministairs_13,
          minmay_strange_pillars
Ossuary:  ossuary_boxes_badplayer

Skill      XL: |  1  2  3  4  5  6  7 |
---------------+----------------------+-----
Transmutations | 3 4 5 |  5.1
Dodging        | 3 4 5 6 |  6.3
Unarmed Combat | 4 5 |  5.4
Fighting       | 2 3 |  3.6
Stealth        | 1 2 |  2.6
Spellcasting   | 3 |  3.8
Poison Magic   | |  0.4

Action                   |  1- 3 |  4- 6 |  7- 9 || total
-------------------------+-------+-------+-------++-------
Melee: Unarmed           |   153 |   176 |   141 ||   470
       Headbutt          |    12 |    11 |    23 ||    46
       Punch             |     1 |     3 |     5 ||     9
 Cast: Beastly Appendage |    15 |    15 |    14 ||    44
       Spider Form       |       |     5 |     6 ||    11
       Sticks to Snakes  |       |     4 |    19 ||    23
  Use: Scroll            |     1 |     5 |     3 ||     9
       Potion            |     1 |     2 |     1 ||     4
 Stab: Sleeping          |     2 |     3 |     6 ||    11
       Distracted        |       |       |     1 ||     1
  Eat: Fruit             |     3 |       |       ||     3
       Meat ration       |     1 |       |       ||     1
       Bread ration      |       |     1 |     2 ||     3
       Beef jerky        |       |     1 |       ||     1
Armor: Robe              |    33 |    26 |     6 ||    65
       Skin              |       |     1 |       ||     1
Dodge: Dodged            |   102 |   188 |    86 ||   376
